 Dungeon Crawl Stone Soup version 0.23.2-1-ga50397a6bc (webtiles) character file.

Game seed: 14733852923683223768

298 NochnoyZador the Cudgeler (level 6, -2/37 HPs)
             Began as a Gargoyle Fighter on May 3, 2019.
             Was an Initiate of Okawaru.
             Slain by an ogre
             ... wielding a +0 giant club
              (14 damage)
             ... while paralysed by Ijyb
             ... on level 5 of the Dungeon.
             The game lasted 00:11:24 (3554 turns).

NochnoyZador the Cudgeler (Gargoyle Fighter)        Turns: 3554, Time: 00:11:25

Health: -2/37      AC: 16    Str: 20    XL:     6   Next: 35%
Magic:  6/6        EV:  2    Int:  8    God:    Okawaru [......]
Gold:   197        SH:  0    Dex: 11    Spells: 5/5 levels left

rFire    . . .     SeeInvis +   t - +0 morningstar
rCold    . . .     Gourm    .   c - +0 shield
rNeg     + . .     Faith    .   b - +0 scale mail
rPois    ∞         Spirit   .   (no helmet)
rElec    +         Reflect  .   (no cloak)
rCorr    .         Harm     .   u - +2 pair of gloves
MR       .....                  w - +1 pair of boots
Stlth    ..........             (no amulet)
HPRegen  0.12/turn              p - ring of see invisible
MPRegen  0.10/turn              (no ring)

@: paralysed
A: negative energy resistance 1, electricity resistance, unbreathing,
petrification resistance, rot immunity, AC +4
a: Renounce Religion


You were on level 5 of the Dungeon.
You worshipped Okawaru.
Okawaru was noncommittal.
You were not hungry.

You visited 1 branch of the dungeon, and saw 5 of its levels.

You collected 197 gold pieces.

Inventory:

Hand Weapons
 a - a +0 flail
 l - a +0 hunting sling
 t - a +0 morningstar (weapon)
Missiles
 e - 35 sling bullets
Armour
 b - a +0 scale mail (worn)
 c - a +0 shield (worn)
 u - a +2 pair of gloves (worn)
 w - a +1 pair of boots (worn)
Jewellery
 p - a ring of see invisible (left hand)
Scrolls
 i - 4 scrolls of remove curse
 j - 2 scrolls of teleportation
 k - a scroll of fog {unknown}
 m - 2 scrolls of identify
 q - a scroll of enchant armour {unknown}
 s - a scroll of enchant weapon {unknown}
 v - a scroll of magic mapping {unknown}
 y - a scroll of blinking {unknown}
Potions
 d - 2 potions of might
 o - 2 potions of curing
 r - a potion of experience {unknown}
 x - 2 potions of haste {unknown}
 z - a potion of brilliance {unknown}
Comestibles
 f - 9 rations


   Skills:
 - Level 3.2 Fighting
 + Level 6.5 Maces & Flails
 - Level 3.2 Armour
 - Level 3.2 Shields


You had 5 spell levels left.
You didn't know any spells.
Your spell library was empty.

Dungeon Overview and Level Annotations

Branches:
Dungeon (5/15)
 Temple: D:4-7

Altars:
Dithmenos
Hepliaklqana
Makhleb
Okawaru

Annotations:
D:5 Dowan, Duvessa, Ijyb


Innate Abilities, Weirdness & Mutations

You are resistant to torment.
Your stone body is resilient. (AC +4)
You are immune to poison.
You resist negative energy. (rN+)
You are resistant to electric shocks. (rElec)
You can survive without breathing.
You are immune to petrification.
You are immune to rotting.


Message History

Ijyb is lightly wounded.
Ijyb barely misses you.
You hit Ijyb.
Ijyb is moderately wounded.
Ijyb zaps a wand.
You suddenly lose the ability to move!
The giant cockroach bites you but does no damage.
Ijyb zaps a wand.
You shrug off the repeated paralysis!
The giant cockroach barely misses you.
The giant cockroach bites you but does no damage.
Ijyb hits you but does no damage. The ogre hits you with a +0 giant club!
The giant cockroach bites you but does no damage.
Ijyb hits you but does no damage. The ogre hits you but does no damage.
The giant cockroach bites you. Ijyb hits you but does no damage.
The giant cockroach bites you but does no damage.
The ogre hits you with a +0 giant club! Ijyb hits you but does no damage.
The giant cockroach bites you but does no damage.
Ijyb zaps a wand.
You shrug off the repeated paralysis!
The giant cockroach barely misses you. The ogre hits you with a +0 giant club!
You die...

.###.. ..#..# ##
#.....# ##..
....... ...
!...... #.#
##).._...
#..##sg!.....
#....@O......
###?.##.....#
#.$## .#..#
#..##..## .
#.#.######....(.#
#.......<....##..#
..#.########## ..


You could see an ogre, Ijyb and a giant cockroach.

Vanquished Creatures
  A hound (D:4)
  2 orc priests (D:4)
  2 orc wizards (D:4)
  A howler monkey skeleton (D:4)
  4 adders
  3 worms
  2 dart slugs
  5 leopard geckos
  8 orcs
  14 bats
  2 giant cockroaches
  8 goblins
  3 hobgoblins (D:3)
  13 jackals
  A quokka (D:5)
  3 ball pythons
  4 frilled lizards
  8 kobolds
  A leopard gecko zombie (D:4)
  7 rats
92 creatures vanquished.

Notes
Turn   | Place    | Note
-------+----------+-------------------------------------------
     0 | D:1      | NochnoyZador the Gargoyle Fighter began the quest for the
                  | Orb.
     0 | D:1      | Reached XP level 1. HP: 14/14 MP: 1/1
    71 | D:1      | Reached XP level 2. HP: 16/19 MP: 2/2
   215 | D:1      | Reached skill level 3 in Maces & Flails
   556 | D:1      | Reached XP level 3. HP: 18/23 MP: 3/3
   655 | D:2      | Found an iron altar of Okawaru.
   663 | D:2      | Became a worshipper of Warmaster Okawaru
   865 | D:2      | Reached skill level 4 in Maces & Flails
   922 | D:2      | Reached XP level 4. HP: 16/28 MP: 4/4
  1702 | D:3      | Found an iron altar of Okawaru.
  2039 | D:3      | Reached skill level 5 in Maces & Flails
  2108 | D:3      | Reached XP level 5. HP: 32/32 MP: 5/5
  2868 | D:4      | Reached skill level 6 in Maces & Flails
  2868 | D:4      | Reached XP level 6. HP: 12/37 MP: 6/6
  3232 | D:4      | Found a burning altar of Makhleb.
  3289 | D:4      | Found a hazy altar of Hepliaklqana.
  3479 | D:5      | Entered Level 5 of the Dungeon
  3479 | D:5      | Noticed Duvessa
  3479 | D:5      | Noticed Dowan
  3540 | D:5      | Noticed Ijyb
  3541 | D:5      | Found a shadowy altar of Dithmenos.
  3548 | D:5      | Paralysed by Ijyb for 7 turns
  3554 | D:5      | Slain by an ogre

Skill      XL: |  1  2  3  4  5 |
---------------+----------------+-----
Maces & Flails | 3 4 5 6 |  6.5
Fighting       | |  3.2
Armour         | |  3.2
Shields        | |  3.2

Action                   |  1- 3 |  4- 6 || total
-------------------------+-------+-------++-------
Melee: Flail             |   153 |   114 ||   267
       Morningstar       |       |   118 ||   118
  Use: Scroll            |       |     4 ||     4
  Eat: Chunk             |       |     9 ||     9
Armor: Scale mail        |   109 |   134 ||   243
Dodge: Dodged            |    73 |    83 ||   156
Block: Shield            |   109 |   109 ||   218
